 Dungeon Crawl Stone Soup version 0.26.1-2-gb8aa6d0cf2 (webtiles) character file.

Game seed: 13279306845133410702

69 Ladykiller69 the Conjurer (level 4, 0/24 HPs)
             Began as a Deep Elf Conjurer on Mar 26, 2021.
             Was an Initiate of Vehumet.
             Succumbed to a killer bee's poison
             ... on level 2 of the Dungeon.
             The game lasted 00:04:37 (2278 turns).

Ladykiller69 the Conjurer (Deep Elf Conjurer)       Turns: 2278, Time: 00:04:37

Health: 0/24       AC:  4    Str:  4    XL:     4   Next: 2%
Magic:  0/11       EV: 13    Int: 24    God:    Vehumet [......]
Gold:   141        SH:  0    Dex: 13    Spells: 9/10 levels left

rFire    . . .     SeeInvis .   (no weapon)
rCold    . . .     Faith    .   (no shield)
rNeg     . . .     Spirit   .   a - +0 robe
rPois    .         Reflect  .   o - +1 helmet
rElec    .         Harm     .   (no cloak)
rCorr    .         Rampage  .   (no gloves)
Will     .....                  (no boots)
Stlth    ++........             (no amulet)
HPRegen  0.08/turn              (no ring)
MPRegen  0.12/turn              (no ring)

@: lethally poisoned (0 -> -5), very slightly contaminated
A: no striking features
a: Renounce Religion


You were on level 2 of the Dungeon.
You worshipped Vehumet.
Vehumet was noncommittal.
You visited 1 branch of the dungeon, and saw 3 of its levels.

You collected 141 gold pieces.

Inventory:

Hand Weapons
 m - a +0 whip
Armour
 a - a +0 robe (worn)
 o - a +1 helmet (worn)
Scrolls
 b - a scroll of remove curse {unknown}
 c - 2 scrolls of identify
 d - a scroll of blinking {unknown}
 e - a scroll of fear {unknown}
 f - 2 scrolls of immolation {unknown}
 i - 2 scrolls of teleportation {unknown}
 k - a scroll of enchant armour {unknown}
 n - a scroll of amnesia {unknown}
Potions
 g - 2 potions of curing
 h - a potion of attraction {unknown}
 l - a potion of invisibility {unknown}


   Skills:
 + Level 3.2 Dodging
 - Level 3.0 Stealth
 + Level 3.7 Spellcasting
 * Level 5.2 Conjurations


You had 9 spell levels left.
You knew the following spells:

 Your Spells              Type           Power        Failure   Level
a - Magic Dart            Conj           100%         1%          1

Your spell library contained the following spells:

 Spells                   Type           Power        Failure   Level
 Searing Ray              Conj           58%          1%          2
 Dazzling Flash           Conj/Hex       34%          10%         3
 Fulminant Prism          Conj/Hex       8%           32%         4
 Iskenderun's Mystic Bla  Conj/Tloc      17%          32%         4


Dungeon Overview and Level Annotations

Branches:
Dungeon (3/15)

Altars:
Kikubaaqudgha
Vehumet
Yredelemnul
Zin
The Shining One


Message History

Press: ? - help, Q - select action Shift-Dir - straight line, f/p - killer bee
Aim: a killer bee (moderately wounded, 0% to evade)
You miscast Magic Dart.
Nothing appears to happen.
The killer bee stings you!
* * * LOW HITPOINT WARNING * * *
The killer bee stings you but does no damage.
As you read the scroll labelled GITATU RAOPRIJUU, it crumbles to dust.
It is a scroll of identify.
g - 2 potions of curing The killer bee barely misses you.
The killer bee closely misses you.
Aiming: Magic Dart (safe; 1% risk of failure)
Press: ? - help, Q - select action Shift-Dir - straight line, f/p - killer bee
Aim: a killer bee (moderately wounded, 0% to evade)
The magic dart hits the killer bee.
The killer bee is heavily wounded.
The killer bee closely misses you. The killer bee stings you.
* * * LOW HITPOINT WARNING * * *
You are lethally poisoned!
The killer bee poisons you!
You die...

######### #.# #.#
##.......# #.# #.#
......)..# #.# #.#
.........# #.# #.#
.........# #.# #.#
....####.# #.# #.# ....#
#.# #.# #.#
##P.####.######.######.#
._##'.........y>@......#
...#####<##.############
...P# ####.#
..#.#######.#
###.........#
............#
............#
##..........# ######
#..........# #....#


You could see a killer bee.

Vanquished Creatures
  2 adders (D:2)
  A worm (D:2)
  2 leopard geckos
  An orc (D:3)
  2 ball pythons
  8 bats
  3 goblins
  8 hobgoblins
  A jackal (D:3)
  2 quokkas (D:2)
  2 frilled lizards (D:2)
  2 giant cockroaches (D:2)
  4 kobolds
  6 rats
  A spectral orc (D:2)
45 creatures vanquished.

Vanquished Creatures (others)
  3 plants (D:3)
3 creatures vanquished.

Grand Total: 48 creatures vanquished

Notes
Turn   | Place    | Note
-------+----------+-------------------------------------------
     0 | D:1      | Ladykiller69 the Deep Elf Conjurer began the quest for the
                  | Orb.
     0 | D:1      | Reached XP level 1. HP: 10/10 MP: 6/6
   276 | D:1      | Reached XP level 2. HP: 15/15 MP: 6/8
  1169 | D:2      | Reached skill level 5 in Conjurations
  1314 | D:2      | Found an ancient bone altar of Kikubaaqudgha.
  1316 | D:2      | Found a radiant altar of Vehumet.
  1320 | D:2      | Found a glowing silver altar of Zin.
  1414 | D:2      | Found a basalt altar of Yredelemnul.
  1453 | D:2      | Reached XP level 3. HP: 19/19 MP: 5/9
  1927 | D:2      | Found a glowing golden altar of the Shining One.
  2196 | D:2      | Became a worshipper of Vehumet
  2258 | D:3      | Reached XP level 4. HP: 24/24 MP: 9/11
  2277 | D:2      | HP: 1/24 [killer bee (4)]
  2278 | D:2      | Succumbed to a killer bee's poison

Illustrated notes

Levels and vault maps discovered:
D:1:      dpeg_arrival_arbitrary_b, layout_basic
D:2:      layout_basic, yredelemnul_forgotten_temple_becter,
          nicolae_tso_swordbearing_angel, gammafunk_temple_overflow_forgotten
D:3:      layout_rooms, general_overflow_altar, roderic_serpentine_path,
          serial_bayou_lagoon_a, minmay_close_crescents, uniq_natasha,
          uniq_crazy_yiuf_cottage

Skill      XL: |  1  2  3 |
---------------+----------+-----
Conjurations   | 5 |  5.2
Stealth        | 3 |  3.0
Dodging        | 3 |  3.2
Spellcasting   | |  3.7

Action                   |  1- 3 |  4- 6 || total
-------------------------+-------+-------++-------
 Cast: Magic Dart        |    74 |     9 ||    83
  Use: Scroll            |       |     1 ||     1
Armor: Robe              |       |     3 ||     3
Dodge: Dodged            |     5 |    16 ||    21
